 Dungeon Crawl Stone Soup version 0.17-a0-1753-g75d4604 (console) character file.

30 utis the Cutter (level 3, 0/22 HPs)
             Began as a Deep Elf Fighter on Sept 2, 2015.
             Succumbed to Ijyb's poison
             ... on level 2 of the Dungeon.
             The game lasted 00:03:37 (1935 turns).

utis the Cutter (Deep Elf Fighter)                  Turns: 1935, Time: 00:03:37

Health: 0/22       AC:  6    Str: 13    XL:     3   Next: 3%
Magic:  5/5        EV:  7    Int: 13    God:
Gold:   131        SH:  8    Dex: 14    Spells: 0 memorised, 2 levels left

rFire  . . .     SeeInvis .     a - +0 rapier
rCold  . . .     Clarity  .     b - +0 scale mail
rNeg   . . .     SustAt   .     c - +0 shield
rPois  .         Gourm    .     (no helmet)
rElec  .         Spirit   .     (no cloak)
rCorr  .         Warding  .     (no gloves)
rMut   .         Stasis   .     (no boots)
MR     .....                    (no amulet)
Stlth  ..........               (no ring)
                                (no ring)

@: lethally poisoned (0 -> -25), not resistant to hostile enchantments,
extremely unstealthy
A: no striking features
a: no special abilities


You were on level 2 of the Dungeon.
You were not hungry.

You visited 1 branch of the dungeon, and saw 2 of its levels.

You collected 131 gold pieces.

Inventory:

Hand weapons
 a - a +0 rapier (weapon)
Missiles
 f - 45 stones (quivered)
Armour
 b - a +0 scale mail (worn)
 c - a +0 shield (worn)
Jewellery
 n - an uncursed ring of protection from fire {unknown}
 q - a +3 ring of protection {unknown}
Scrolls
 h - 2 scrolls of teleportation {unknown}
 j - a scroll of enchant weapon {unknown}
 o - a scroll of amnesia {unknown}
Potions
 d - a potion of might
 k - a potion of lignification
 l - a potion of haste {unknown}
 m - a potion of ambrosia {unknown}
 p - a potion of brilliance {unknown}
 t - a potion of flight {unknown}
 u - a potion of mutation {unknown}
Comestibles
 e - a bread ration
 s - a meat ration


   Skills:
 - Level 2.4 Fighting
 + Level 3.1 Short Blades
 - Level 2.4 Armour
 + Level 1.6 Dodging
 - Level 2.4 Shields


You had 2 spell levels left.
You didn't know any spells.

Dungeon Overview and Level Annotations

Branches:
Dungeon (2/15)

Altars:
Fedhas

Annotations:
D:2 Ijyb


Message History

You feel sick.
The quokka bites you but does no damage.
* * * LOW HITPOINT WARNING * * *
You feel sick. The quokka completely misses you.
You hit the quokka but do no damage.
* * * LOW HITPOINT WARNING * * *
You feel sick. You block Ijyb's attack. The quokka barely misses you.
* * * LOW HITPOINT WARNING * * *
You feel sick. Ijyb hits you but does no damage.
You are more poisoned.
* * * LOW HITPOINT WARNING * * *
You feel sick. The quokka barely misses you.
* * * LOW HITPOINT WARNING * * *
You feel sick.
* * * LOW HITPOINT WARNING * * *
You feel sick. Ijyb hits you but does no damage.
You are more poisoned.
* * * LOW HITPOINT WARNING * * *
You feel sick.
You die...

▓▓▓▓▓▓▓.▓▓.▓▓.▓▓▓
▓..▓...
▓.÷...............▓▓ ▓▓▓
▓.▓...▓▓.▓▓......... ..▓
▓.▓...▓ ▓▓......▓▓ ▓.▓
▓.▓...▓ ........▓ ▓▓▓.▓
▓.▓...▓ ▓.▓.▓.▓▓.▓ ▓...▓
▓.▓...▓ ....▓. ..
▓.▓.▓▓▓▓▓▓▓[▓...▓▓▓▓.
▓▓▓▓.....<....r.e.....<.
.....▓........g.........
▓▓▓▓.▓.▓▓...............
▓▓▓▓.▓..▓▓.▓▓▓.▓...▓▓▓▓▓
...........➘.........
▓▓▓▓.▓▓.▓▓[▓▓▓▓▓...▓▓▓
▓.......▓ ▓...▓
▓▓▓▓▓▓▓.▓▓▓▓ ▓...▓ .
.g.?....▓ .


You could see Ijyb and a quokka.

Vanquished Creatures
  8 bats
  A giant cockroach (D:2)
  5 goblins
  3 hobgoblins
  2 giant newts (D:1)
  5 kobolds
  2 rats (D:1)
26 creatures vanquished.

Notes
Turn   | Place    | Note
--------------------------------------------------------------
     0 | D:1      | utis the Deep Elf Fighter began the quest for the Orb.
     0 | D:1      | Reached XP level 1. HP: 13/13 MP: 3/3
   219 | D:1      | Reached skill level 1 in Dodging
   594 | D:1      | Reached XP level 2. HP: 16/18 MP: 4/4
  1591 | D:2      | Reached skill level 3 in Short Blades
  1718 | D:2      | Reached XP level 3. HP: 22/22 MP: 5/5
  1895 | D:2      | Found a blossoming altar of Fedhas.
  1896 | D:2      | Noticed Ijyb
  1935 | D:2      | Succumbed to Ijyb's poison

Vault maps used:
D:1:      dpeg_arrival_pits, serial_forest, infiniplex_forest_lined_corner,
          infiniplex_forest_straight_3, infiniplex_forest_clump_diagonal,
          infiniplex_forest_lined_ring, infiniplex_forest_straight_4,
          infiniplex_forest_straight_2, infiniplex_forest_clump_curved,
          nrook_loot_triangle, minmay_misc_feat_columns
D:2:      overflow_temple_1_default, uniq_crazy_yiuf_cottage, uniq_iyjb

Action                   || total
-------------------------++-------
Melee: Rapier            ||   138
Throw: Stone             ||    21
  Use: Scroll            ||     2
       Potion            ||     1
  Eat: Chunk             ||     3
